 Dungeon Crawl Stone Soup version 0.23.2 (webtiles) character file.

Game seed: 9696744337518483308

158193 Lokkij the Black Belt (level 17, 0/99 HPs)
             Began as a Vine Stalker Monk on Apr 6, 2019.
             Was a High Priest of Wu Jian.
             Killed from afar by a deep elf annihilator (30 damage)
             ... with a crystal spear
             ... on level 3 of the Elven Halls.
             The game lasted 02:00:29 (24692 turns).

Lokkij the Black Belt (Vine Stalker Monk)          Turns: 24692, Time: 02:00:32

Health: 0/99       AC: 25    Str: 16    XL:     17   Next: 71%
Magic:  0/31       EV: 18    Int: 11    God:    Wu Jian [*****.]
Gold:   3555       SH:  0    Dex: 21    Spells: 20/34 levels left

rFire    . . .     SeeInvis .     - Unarmed
rCold    . . .     Gourm    .   (shield currently unavailable)
rNeg     . . .     Faith    .   z - +5 steam dragon scales
rPois    .         Spirit   +   r - +0 helmet
rElec    .         Reflect  .   v - scarf {repulsion}
rCorr    .         Harm     .   (gloves currently unavailable)
MR       ++...                  I - +2 pair of boots
Stlth    +.........             t - amulet of the acrobat
HPRegen  1.06/turn              X - +4 ring of protection
MPRegen  0.22/turn              B - +5 ring of protection

@: lethally poisoned (0 -> 0), about to teleport, blade hands, very slightly
contaminated, glowing, repel missiles, heavenly storm
A: fangs 3, blurry vision 1, regeneration 2, shaggy fur 2, wild magic 1, magic
shield, antimagic bite, no potion heal 3, rot immunity
a: End Transformation, Wall Jump, Serpent's Lash, Heavenly Storm, Renounce
Religion


You were on level 3 of the Elven Halls.
You worshipped Wu Jian.
Wu Jian was extremely pleased with you.
You were not hungry.
You had blades for hands.
You visited 10 branches of the dungeon, and saw 32 of its levels.
You visited 1 bazaar.
You also visited: Gauntlet.

You collected 3811 gold pieces.
You spent 256 gold pieces at shops.

Inventory:

Hand Weapons
 E - the +10 dark maul {crush}
   (You found it in a Gauntlet)

   It inflicts extra damage upon your enemies.
Armour
 r - a +0 helmet (worn)
 v - a scarf of repulsion (worn)
 z - +5 steam dragon scales (worn)
 C - the +2 cloak "Xenak" {-Cast rN+ Int+2 SInv}
   (You bought it in a shop in a bazaar)

   It affects your intelligence (+2).
   It protects you from negative energy.
   It lets you see invisible.
   It prevents spellcasting.
 F - the +3 pair of gauntlets of War (melded) {Slay+5}
   (You found it in a Gauntlet)

   It affects your accuracy and damage with ranged weapons and melee attacks
   (+5).
 G - the cursed +1 scale mail of Terror {Int+2 Slay+5}
   (You found it in a Gauntlet)

   It affects your intelligence (+2).
   It affects your accuracy and damage with ranged weapons and melee attacks
   (+5).
   It has a curse placed upon it.
 I - a +2 pair of boots (worn)
 Q - a +2 cloak of magic resistance
 R - a +1 robe of cold resistance
Jewellery
 o - an uncursed ring of flight
 q - an uncursed amulet of magic regeneration {unknown}
 t - an amulet of the acrobat (around neck)
 x - a +4 ring of evasion
 B - a +5 ring of protection (right scythe-like blade)
 D - the cursed ring "Ilush" {-Tele rPois MR+ Int-4}
   (You found it in a Gauntlet)

   [ring of intelligence]

   It affects your intelligence (-4).
   It protects you from poison.
   It affects your resistance to hostile enchantments.
   It prevents most forms of teleportation.
   It has a curse placed upon it.
 N - an uncursed ring of see invisible
 X - a +4 ring of protection (left scythe-like blade)
Wands
 a - a wand of paralysis (48)
 m - a wand of polymorph (8)
 n - a wand of disintegration (13)
 y - a wand of iceblast (13)
 A - a wand of flame (22)
 H - a wand of acid (15)
Scrolls
 c - 4 scrolls of remove curse
 g - 4 scrolls of amnesia
 k - 7 scrolls of magic mapping
 l - a scroll of enchant armour
 p - 8 scrolls of teleportation
 s - a scroll of blinking
 u - 8 scrolls of fear
Potions
 d - 3 potions of flight
 e - 3 potions of brilliance
 f - 3 potions of curing
 i - 4 potions of lignification
 j - 4 potions of cancellation
 w - a potion of agility
 K - a potion of magic
 V - a potion of ambrosia
 W - a potion of might
Miscellaneous
 h - a phial of floods
 T - a box of beasts
Comestibles
 b - 34 rations


   Skills:
 + Level 15.2 Fighting
 - Level 7.1 Dodging
 - Level 2.4 Stealth
 * Level 20.7 Unarmed Combat
 - Level 9.3 Spellcasting
 - Level 5.2 Hexes
 - Level 5.6 Charms
 - Level 3.0 Translocations
 * Level 7.7 Transmutations
 - Level 5.3 Air Magic


You had 20 spell levels left.
You knew the following spells:

 Your Spells              Type           Power        Failure   Level  Hunger
a - Shroud of Golubria    Chrm/Tloc      ###.......   36%         2    None
b - Blink                 Tloc           N/A          45%         2    None
c - Silence               Hex/Air        ###.......   87%         5    #####..
d - Blade Hands           Tmut           ####......   65%         5    #####..

Your spell library contained the following spells:

 Spells                   Type           Power        Failure   Level  Hunger
 Beastly Appendage        Tmut           ####..       17%         1    None
 Sticks to Snakes         Tmut           ####....     21%         2    None
 Infusion                 Chrm           ###.         24%         1    None
 Confusing Touch          Hex            ###...       26%         1    None
 Corona                   Hex            ###....      26%         1    None
 Song of Slaying          Chrm           ###.....     28%         2    None
 Slow                     Hex            ###.....     30%         2    None
 Spectral Weapon          Hex/Chrm       ###.....     38%         3    ##.....
 Confuse                  Hex            ###.....     41%         3    ##.....
 Ensorcelled Hibernation  Hex/Ice        ##....       47%         2    None
 Spider Form              Tmut/Pois      ###.......   52%         3    ##.....
 Regeneration             Chrm/Necr      ##........   61%         3    ##.....
 Magic Dart               Conj           #...         63%         1    None
 Cause Fear               Hex            ###.......   65%         4    ####...
 Call Imp                 Summ           #.......     71%         2    None
 Throw Frost              Conj/Ice       #.....       71%         2    None
 Mephitic Cloud           Conj/Pois/Air  ##......     71%         3    ##.....
 Yara's Violent Unravell  Hex/Tmut       ####......   77%         5    #####..
 Ice Form                 Ice/Tmut       ###.....     78%         4    ####...
 Conjure Flame            Conj/Fire      #.......     86%         3    ##.....
 Sticky Flame             Conj/Fire      #.......     99%         4    ####...
 Throw Icicle             Conj/Ice       #.......     99%         4    ####...
 Metabolic Englaciation   Hex/Ice        ##........   99%         5    #####..
 Deflect Missiles         Chrm/Air       ###.......   99%         6    #######
 Bolt of Cold             Conj/Ice       #.........   100%        6    #######
 Darkness                 Hex            ###.......   100%        6    #######
 Freezing Cloud           Conj/Ice/Air   ##........   100%        6    #######
 Iron Shot                Conj/Erth      #.........   100%        6    #######
 Ozocubu's Refrigeration  Ice            #.........   100%        6    #######
 Simulacrum               Ice/Necr       #.........   100%        6    #######
 Discord                  Hex            ###.......   100%        8    #######


Dungeon Overview and Level Annotations

Branches:
Dungeon (15/15)            Temple (1/1) D:4            Lair (6/6) D:9
 Shoals (1/4) Lair:4       Spider (1/4) Lair:4        Slime (1/5) Lair:5
    Orc (2/2) D:10            Elf (3/3) Orc:2        Vaults (0/5) D:13
 Depths (1/5) D:15           Hell (1/1)
    Dis: Hell:1         Geh: Hell:1         Coc: Hell:1         Tar: Hell:1

Altars:
Ashenzari
Cheibriados
Dithmenos
Elyvilon
Fedhas
Gozag
Hepliaklqana
Kikubaaqudgha
Makhleb
Nemelex Xobeh
Okawaru
Qazlal
Ru
Sif Muna
Trog
Uskayaw
Vehumet
Wu Jian
Xom
Yredelemnul
Zin
The Shining One

Shops:
D:5 (   Orc:2 :(!=[

Portals:
Hell: Lair:6

Annotations:
Hell Geryon


Innate Abilities, Weirdness & Mutations

You have razor-sharp teeth.
You heal very quickly.
When hurt, damage is shared between your health and your magic reserves.
Your bite disrupts and absorbs the magic of your enemies.
Potions cannot restore your health.
You are immune to rotting.
Scrolls take you a little longer to read.
You are covered in thick fur. (AC +2)
Your spells are a little harder to cast, but a little more powerful.


Message History

You begin reading the scroll.
You continue reading the scroll.
You hear a shout!
The large abomination barely misses you.
As you read the scroll of teleportation, it crumbles to dust.
You feel strangely unstable.
Aiming: Wall Jump
Press: ? - help, Dir - move target cursor You repeatedly attack the large abomination from above.
You slash the large abomination!
You destroy the large abomination!
The Council accepts your kill.
You repeatedly attack the ghostly deep elf death mage from above.
You shred the ghostly deep elf death mage!!!!
You destroy the ghostly deep elf death mage!
The Council accepts your kill.
You feel sick.
You hear a shout! x2
The deep elf annihilator gestures at you while chanting.
The crystal spear hits you!!!
You die...

#.# #.# #.#
#.# #.# ##.##
##§☼§#
##§§§####
##@§§###§##
#§ex###§☼.##
##§ee#§§☼..##
##○§°e☼§..^#
##§○e°§...#
##e☼§....#
eee...##
e....##
..e.##


You could see a deep elf annihilator, a deep elf high priest, a deep elf mage
and a small abomination.

Vanquished Creatures
  2 deep elf master archers (Elf:3)
  2 deep elf blademasters (Elf:3)
  Kirke (D:13)
  Donald (Elf:2)
  7 deep elf sorcerers
  Louise (Elf:3)
  3 deep elf elementalists (Elf:3)
  6 deep elf demonologists (Elf:3)
  An ironheart preserver (D:13)
  2 deep elf annihilators (Elf:3)
  A minotaur (Gauntlet)
  5 deep elf death magi
  Snorg (D:13)
  Fannar (Orc:1)
  10 hydras
  2 catoblepae (Lair:5)
  A hell beast (Lair:6)
  A two-headed ogre (D:13)
  A centaur warrior (D:13)
  22 dancing weapons
  A vampire mage (D:15)
  Sonja (Lair:3)
  11 deep elf knights
  3 small abominations (Elf:3)
  2 large abominations (Elf:3)
  2 unseen horrors
  A skeletal warrior (D:15)
  A wizard (Lair:6)
  4 orc knights (Orc:2)
  10 deep elf archers
  A necromancer (D:15)
  46 deep elf magi
  A stone giant zombie (D:15)
  2 orc sorcerers
  9 ugly things
  A moth of wrath (Gauntlet)
  A cyclops (D:15)
  An oklob plant (Lair:6)
  7 manticores
  9 elephants
  A smoke demon (Lair:6)
  A frost giant skeleton (D:15)
  A molten gargoyle (Orc:2)
  A guardian serpent (D:14)
  Psyche (D:12)
  A torpor snail (Lair:2)
  5 orange demons (Lair:6)
  2 gargoyles (D:14)
  8 black mambas
  6 spiny frogs
  2 centaur skeletons
  5 rime drakes
  An ice devil (Gauntlet)
  9 komodo dragons
  A guardian mummy (D:15)
  A red devil (Lair:6)
  6 trolls
  3 meliai (D:15)
  A polar bear (Lair:6)
  3 jumping spiders
  Prince Ribbit (Lair:2)
  A harpy skeleton (D:15)
  11 blink frogs
  A meliai zombie (D:13)
  A hornet (D:10)
  An ettin zombie (D:15)
  4 slime creatures (Lair:5)
  4 air elementals
  15 hippogriffs
  A spriggan (shapeshifter) (Elf:2)
  5 water elementals
  A spriggan skeleton (D:15)
  5 wraiths
  2 shadows (D:15)
  A wyvern (D:14)
  Sigmund (D:3)
  5 hogs
  5 redbacks
  34 yaks
  3 fire elementals (Elf:1)
  A golden eye (Slime:1)
  4 vampire mosquitoes (D:13)
  2 steam dragons
  A basilisk (D:9)
  A human (D:7)
  A hungry ghost (D:15)
  3 wargs
  Menkaure (D:6)
  2 swamp worms (Gauntlet)
  An acid dragon (D:14)
  6 hell hounds
  9 water moccasins
  5 porcupines
  A floating eye (shapeshifter) (Elf:1)
  A swamp drake (D:10)
  A phantom (D:14)
  32 orc warriors
  5 ice beasts
  A hornet zombie (D:14)
  4 sky beasts
  6 black bears
  2 eyes of draining (D:14)
  A necrophage (D:13)
  2 wolves (D:9)
  9 ogres
  14 centaurs
  10 crocodiles
  2 big kobolds
  16 bullfrogs
  A wyvern zombie (D:13)
  5 earth elementals
  A wyvern skeleton (D:13)
  4 killer bees (D:9)
  3 howler monkeys
  An electric eel (Lair:1)
  4 crimson imps
  3 bullfrog zombies
  5 centaur zombies
  3 jellies
  9 hounds
  2 gnoll shamans (D:4)
  15 orc priests
  16 orc wizards
  5 bullfrog skeletons
  Natasha (twice) (D:2)
  5 iguanas
  14 worker ants
  3 hound skeletons
  3 gnolls (Orc:1)
  8 adders
  2 shadow imps
  3 white imps (Gauntlet)
  4 adder skeletons
  2 adder zombies (D:8)
  2 worms (D:4)
  4 dart slugs
  8 leopard geckos
  84 orcs
  A ball python (D:2)
  7 bats
  12 giant cockroaches
  9 goblins
  9 hobgoblins
  16 jackals
  3 quokkas
  4 frilled lizards
  16 kobolds
  A kobold simulacrum (Hell)
  A leopard gecko zombie (D:6)
  2 quokka skeletons
  A quokka zombie (D:6)
  13 rats
  A crawling corpse (Elf:3)
  A plant (Lair:6)
808 creatures vanquished.

Vanquished Creatures (others)
  A deep elf death mage (Elf:3)
  A dancing weapon (Elf:2)
  2 orcs (Orc:2)
  5 fungi
  3 plants
  3 withered plants (D:15)
15 creatures vanquished.

Grand Total: 823 creatures vanquished

Notes
Turn   | Place    | Note
-------+----------+-------------------------------------------
     0 | D:1      | Lokkij the Vine Stalker Monk began the quest for the Orb.
     0 | D:1      | Reached XP level 1. HP: 11/11 MP: 2/2
   282 | D:1      | Reached XP level 2. HP: 16/16 MP: 3/3
   850 | D:1      | Reached skill level 4 in Unarmed Combat
   945 | D:1      | Reached XP level 3. HP: 13/19 MP: 4/4
  2000 | D:2      | Gained mutation: Your natural rate of healing is unusually
                  | fast. [Vine Stalker growth]
  2000 | D:2      | Reached XP level 4. HP: 23/23 MP: 5/5
  2096 | D:2      | Found an ornate altar of the Wu Jian Council.
  2109 | D:2      | Found a glowing golden altar of the Shining One.
  2109 | D:2      | Found an iron altar of Okawaru.
  2112 | D:2      | Found a sparkling altar of Nemelex Xobeh.
  2160 | D:2      | Became a worshipper of the Wu Jian Council
  2160 | D:2      | Reached * piety under Wu Jian
  2160 | D:2      | Reached ** piety under Wu Jian
  2279 | D:2      | Noticed Natasha
  2283 | D:2      | Killed Natasha
  2283 | D:2      | Reached skill level 5 in Unarmed Combat
  2530 | D:2      | Noticed Natasha
  2537 | D:2      | Killed Natasha
  2537 | D:2      | Reached XP level 5. HP: 23/27 MP: 4/6
  2874 | D:3      | Noticed Sigmund
  3045 | D:4      | Reached skill level 6 in Unarmed Combat
  3056 | D:4      | Found a staircase to the Ecumenical Temple.
  3074 | D:4      | Gained mutation: You are weak. (Str -2) [potion of
                  | mutation]
  3074 | D:4      | Gained mutation: You tend to lose your temper in combat.
                  | [potion of mutation]
  3074 | D:4      | Gained mutation: You are robust. (+10% HP) [potion of
                  | mutation]
  3074 | D:4      | Gained mutation: Your mind is acute. (Int +2) [potion of
                  | mutation]
  3186 | D:3      | Killed Sigmund
  3186 | D:3      | Reached skill level 7 in Unarmed Combat
  3186 | D:3      | Reached XP level 6. HP: 32/35 MP: 7/7
  3663 | D:4      | Reached *** piety under Wu Jian
  3708 | D:4      | Reached XP level 7. HP: 35/38 MP: 8/8
  3817 | Temple   | Entered the Ecumenical Temple
  4086 | D:4      | Reached skill level 8 in Unarmed Combat
  4569 | D:4      | Reached skill level 1 in Spellcasting
  4826 | D:5      | Entered Level 5 of the Dungeon
  4841 | D:5      | Reached skill level 9 in Unarmed Combat
  4913 | D:5      | Gained mutation: You have razor-sharp teeth. [Vine Stalker
                  | growth]
  4913 | D:5      | Reached XP level 8. HP: 31/42 MP: 8/11
  5075 | D:5      | Reached **** piety under Wu Jian
  5151 | D:5      | Found Ibureceh's Antique Weapon Boutique.
  5647 | D:6      | Noticed Menkaure
  5653 | D:6      | Killed Menkaure
  5752 | D:6      | Learned a level 2 spell: Shroud of Golubria
  6030 | D:6      | Reached skill level 10 in Unarmed Combat
  6030 | D:6      | Reached skill level 1 in Charms
  6030 | D:6      | Reached skill level 1 in Translocations
  6090 | D:6      | Found a deep blue altar of Sif Muna.
  6438 | D:7      | Reached XP level 9. HP: 45/47 MP: 14/14
  6853 | D:7      | Reached skill level 11 in Unarmed Combat
  7495 | D:8      | Reached ***** piety under Wu Jian
  7696 | D:8      | Found a bloodstained altar of Trog.
  7939 | D:8      | Reached XP level 10. HP: 56/56 MP: 15/15
  8181 | D:9      | Reached skill level 12 in Unarmed Combat
  8562 | D:8      | Reached skill level 5 in Fighting
  8969 | D:9      | Reached skill level 13 in Unarmed Combat
  9016 | D:9      | Found a staircase to the Lair.
  9175 | Lair:1   | Entered Level 1 of the Lair of Beasts
  9175 | Lair:1   | Noticed a black mamba
  9212 | D:9      | Reached XP level 11. HP: 61/61 MP: 16/16
  9268 | D:9      | Found a glowing golden altar of the Shining One.
  9274 | D:9      | Found a radiant altar of Vehumet.
  9274 | D:9      | Found an opulent altar of Gozag.
  9276 | D:9      | Found a shimmering altar of Xom.
  9276 | D:9      | Found a shimmering altar of Xom.
  9276 | D:9      | Found an ancient bone altar of Kikubaaqudgha.
  9653 | D:10     | Entered Level 10 of the Dungeon
  9738 | D:10     | Lost mutation: Your mind is acute. (Int +2) [potion of
                  | mutation]
  9738 | D:10     | Lost mutation: You tend to lose your temper in combat.
                  | [potion of mutation]
  9738 | D:10     | Lost mutation: You are weak. (Str -2) [potion of mutation]
  9738 | D:10     | Gained mutation: Your system is resistant to poisons.
                  | (rPois) [potion of mutation]
  9738 | D:10     | Gained mutation: You are occasionally teleported next to
                  | monsters. [potion of mutation]
  9738 | D:10     | Gained mutation: You are partially covered in thin metallic
                  | scales. (AC +2) [potion of mutation]
  9871 | D:10     | Reached skill level 5 in Dodging
  9947 | D:10     | Found a staircase to the Orcish Mines.
 10062 | Orc:1    | Entered Level 1 of the Orcish Mines
 10110 | D:10     | Paralysed by a hornet for 3 turns
 10638 | D:11     | Noticed a white ugly thing
 10652 | D:10     | Reached skill level 14 in Unarmed Combat
 10909 | Orc:2    | Entered Level 2 of the Orcish Mines
 11072 | Orc:2    | Noticed an orc knight
 11072 | Orc:2    | Noticed an orc knight
 11467 | Lair:1   | Noticed a five-headed hydra
 11477 | Lair:1   | Killed a five-headed hydra
 11477 | Lair:1   | Gained mutation: You heal very quickly. [Vine Stalker
                  | growth]
 11477 | Lair:1   | Reached XP level 12. HP: 56/69 MP: 17/17
 12073 | Lair:2   | Noticed an eight-headed hydra
 12085 | Lair:2   | Killed an eight-headed hydra
 12085 | Lair:2   | Reached skill level 15 in Unarmed Combat
 12159 | Lair:2   | Noticed a five-headed hydra
 12170 | Lair:2   | Killed a five-headed hydra
 12231 | Lair:2   | Found a gate leading to a gauntlet.
 12301 | Gauntlet | Entered a Gauntlet
 12301 | Gauntlet | Found a transporter.
 12310 | Gauntlet | Found a transporter.
 12312 | Gauntlet | Found a transporter.
 12317 | Gauntlet | Noticed a death ooze
 12326 | Gauntlet | Found a runed translucent door.
 12329 | Gauntlet | Found a transporter.
 12329 | Gauntlet | Found a transporter.
 12334 | Gauntlet | Noticed a great orb of eyes
 12338 | Gauntlet | Found a transporter.
 12358 | Gauntlet | Found a transporter.
 12358 | Gauntlet | Noticed a death yak
 12361 | Gauntlet | Noticed a death yak
 12361 | Gauntlet | Noticed a death yak
 12367 | Gauntlet | Noticed an entropy weaver
 12368 | Gauntlet | Found a transporter.
 12378 | Gauntlet | Found the +10 dark maul {crush}
 12378 | Gauntlet | Found a transporter.
 12392 | Gauntlet | Found a transporter.
 12401 | Gauntlet | Found a transporter.
 12406 | Gauntlet | Found a transporter.
 12470 | Gauntlet | Found a transporter.
 12531 | Gauntlet | Got a steaming marble ring
 12534 | Gauntlet | Identified the cursed ring "Ilush" {-Tele rPois MR+ Int-4}
                  | (You found it in a Gauntlet)
 12553 | Gauntlet | Noticed a minotaur
 12576 | Gauntlet | Killed a minotaur
 12579 | Gauntlet | Identified the Incunabulum of Fire and Curses
 12580 | Gauntlet | Found the +3 pair of gauntlets of War {Slay+5}
 12581 | Gauntlet | Got a shimmering scale mail
 12625 | Lair:2   | Identified the cursed +1 scale mail of Terror {Int+2
                  | Slay+5} (You found it in a Gauntlet)
 12816 | Lair:2   | Noticed Prince Ribbit
 12822 | Lair:2   | Killed Prince Ribbit
 13196 | Lair:3   | Lost mutation: You are robust. (+10% HP) [potion of
                  | mutation]
 13196 | Lair:3   | Lost mutation: Your system is resistant to poisons. (rPois)
                  | [potion of mutation]
 13196 | Lair:3   | Gained mutation: Your muscles are strong. (Str +2) [potion
                  | of mutation]
 13196 | Lair:3   | Gained mutation: You have a pair of small horns on your
                  | head. [potion of mutation]
 13206 | Lair:3   | Noticed Sonja
 13217 | Lair:3   | Killed Sonja
 13217 | Lair:3   | Reached XP level 13. HP: 65/70 MP: 17/20
 13761 | Lair:4   | Learned a level 2 spell: Blink
 13889 | Lair:4   | Found a staircase to the Shoals.
 13900 | Lair:4   | Reached skill level 16 in Unarmed Combat
 13953 | Shoals:1 | Entered Level 1 of the Shoals
 13953 | Shoals:1 | Noticed a frost giant
 14090 | Lair:4   | Found a hole to the Spider Nest.
 14106 | Spider:1 | Entered Level 1 of the Spider Nest
 14289 | Lair:4   | Reached skill level 10 in Fighting
 14315 | Lair:4   | Reached skill level 5 in Spellcasting
 14825 | Lair:5   | Found a staircase to the Slime Pits.
 14901 | Slime:1  | Entered Level 1 of the Pits of Slime
 14901 | Slime:1  | Noticed an acid blob
 15473 | Lair:6   | Entered Level 6 of the Lair of Beasts
 15502 | Lair:6   | Found a blossoming altar of Fedhas.
 15705 | Orc:2    | Reached skill level 17 in Unarmed Combat
 15799 | Orc:1    | Noticed Fannar
 15807 | Orc:1    | Killed Fannar
 15894 | Orc:1    | You fall through a shaft!
 16023 | Orc:2    | Found Ykiwk's Jewellery Emporium.
 16023 | Orc:2    | Found Giadiunoxt's Distillery.
 16025 | Orc:2    | Found Kupliann's Antique Weapon Shop.
 16027 | Orc:2    | Found Guidghen's Antique Armour Shoppe.
 16067 | Orc:2    | Reached XP level 14. HP: 79/79 MP: 24/24
 16481 | Orc:2    | Found Pyheugax's Book Boutique.
 16582 | Orc:2    | Found a staircase to the Elven Halls.
 16832 | Elf:1    | Entered Level 1 of the Elven Halls
 17083 | Elf:1    | Lost mutation: You have a pair of small horns on your head.
                  | [potion of mutation]
 17083 | Elf:1    | Lost mutation: You are occasionally teleported next to
                  | monsters. [potion of mutation]
 17083 | Elf:1    | Lost mutation: Your muscles are strong. (Str +2) [potion of
                  | mutation]
 17083 | Elf:1    | Lost mutation: You are partially covered in thin metallic
                  | scales. (AC +2) [potion of mutation]
 17083 | Elf:1    | Gained mutation: Scrolls take you a little longer to read.
                  | [potion of mutation]
 17083 | Elf:1    | Gained mutation: You are covered in fur. (AC +1) [potion of
                  | mutation]
 17083 | Elf:1    | Gained mutation: You are covered in thick fur. (AC +2)
                  | [potion of mutation]
 17083 | Elf:1    | Gained mutation: Your spells are a little harder to cast,
                  | but a little more powerful. [potion of mutation]
 17135 | Elf:1    | Noticed a deep elf sorcerer
 17141 | Elf:1    | Killed a deep elf sorcerer
 17257 | Elf:1    | Reached skill level 18 in Unarmed Combat
 17761 | Elf:1    | Paralysed by a deep elf mage for 4 turns
 17929 | Elf:2    | Noticed a deep elf sorcerer
 17931 | Elf:2    | Killed a deep elf sorcerer
 17957 | Elf:2    | Reached ****** piety under Wu Jian
 17960 | Elf:2    | Reached skill level 5 in Charms
 17960 | Elf:2    | Reached XP level 15. HP: 56/86 MP: 21/27
 18264 | Elf:2    | Learned a level 5 spell: Silence
 18355 | Elf:2    | Found a runed translucent gate.
 18355 | Elf:2    | Found a runed translucent gate.
 18355 | Elf:2    | Found a runed translucent gate.
 18392 | Elf:2    | Reached skill level 1 in Air Magic
 18426 | Elf:2    | Reached skill level 1 in Hexes
 19025 | Lair:6   | Identified Kyceezeth's Disquisition on the Mountains and
                  | the Glacier
 19236 | Lair:6   | Reached skill level 19 in Unarmed Combat
 19514 | Lair:6   | Found a burning altar of Makhleb.
 19914 | Lair:6   | Found a gateway to Hell.
 20089 | Hell     | Entered the Vestibule of Hell
 20089 | Hell     | Noticed Geryon
 20471 | D:11     | Identified a ring of the Octopus King {rN+ AC+1 EV+1 Str+1
                  | Int+1 Dex+1}
 20733 | D:12     | Noticed Psyche
 20736 | D:12     | Killed Psyche
 21263 | D:13     | Noticed Snorg
 21278 | D:13     | Killed Snorg
 21278 | D:13     | Reached XP level 16. HP: 72/93 MP: 29/29
 21310 | D:13     | Found a gate to the Vaults.
 21820 | D:13     | Noticed Kirke
 21826 | D:13     | Killed Kirke
 22194 | D:14     | Found a shadowy altar of Dithmenos.
 22628 | D:15     | Entered Level 15 of the Dungeon
 23175 | D:15     | Found a staircase to the Depths.
 23175 | D:15     | Identified the +7 trident "Qienim" {freeze, MR+ Str+4}
 23177 | D:15     | Reached skill level 5 in Air Magic
 23181 | D:15     | Reached skill level 5 in Hexes
 23207 | D:15     | HP: 4/93 [jiangshi[a vampire mage] (5)]
 23411 | D:15     | Learned a level 5 spell: Blade Hands
 23416 | Depths:1 | Entered Level 1 of the Depths
 23857 | Elf:2    | Noticed Donald
 23914 | Elf:2    | Killed Donald
 23914 | Elf:2    | Reached skill level 1 in Transmutations
 24022 | Elf:3    | Entered Level 3 of the Elven Halls
 24091 | Elf:3    | Noticed Louise
 24098 | Elf:3    | Found a flickering gateway to a bazaar.
 24132 | Elf:3    | Killed Louise
 24132 | Elf:3    | Reached skill level 20 in Unarmed Combat
 24173 | Bazaar   | Entered a bazaar
 24177 | Bazaar   | Found Cuakirre's Food Boutique.
 24196 | Bazaar   | Found Ocruminu's Antique Armour Shoppe.
 24203 | Bazaar   | Bought a faintly humming cloak for 256 gold pieces
 24215 | Bazaar   | Found Rumeas's Armour Boutique.
 24232 | Bazaar   | Found Zourgh's Food Emporium.
 24270 | Bazaar   | Identified the +2 cloak "Xenak" {-Cast rN+ Int+2 SInv} (You
                  | bought it in a shop in a bazaar)
 24655 | Elf:3    | Noticed a deep elf master archer
 24657 | Elf:3    | Noticed an Executioner
 24657 | Elf:3    | Reached XP level 17. HP: 90/98 MP: 26/31
 24658 | Elf:3    | Noticed a deep elf blademaster
 24659 | Elf:3    | Reached skill level 5 in Transmutations
 24663 | Elf:3    | Killed a deep elf blademaster
 24663 | Elf:3    | Killed a deep elf master archer
 24667 | Elf:3    | Noticed a deep elf blademaster
 24669 | Elf:3    | Reached skill level 15 in Fighting
 24669 | Elf:3    | Killed a deep elf blademaster
 24669 | Elf:3    | Noticed a deep elf master archer
 24673 | Elf:3    | Killed a deep elf master archer
 24692 | Elf:3    | Killed from afar by a deep elf annihilator

Skill      XL: |  1  2  3  4  5  6  7  8  9 10 11 12 13 14 15 16 17 |
---------------+----------------------------------------------------+-----
Unarmed Combat | 4 5 7 9 10 11 13 14 15 17 18 19 20 | 20.7
Spellcasting   | 1 3 4 6 7 8 9 |  9.3
Charms         | 2 3 5 |  5.6
Translocations | 2 3 |  3.0
Fighting       | 4 6 7 9 11 13 14 15 | 15.2
Dodging        | 4 6 7 |  7.1
Air Magic      | 3 5 |  5.3
Hexes          | 3 5 |  5.2
Transmutations | 4 7 |  7.7
Stealth        | |  2.4

Action                   |  1- 3 |  4- 6 |  7- 9 | 10-12 | 13-15 | 16-18 || total
-------------------------+-------+-------+-------+-------+-------+-------++-------
Melee: Unarmed           |    66 |   150 |   310 |   742 |   832 |   503 ||  2603
       Dagger            |    80 |       |       |       |       |       ||    80
       Bite              |    38 |    41 |   101 |   247 |   305 |   157 ||   889
       Punch             |     4 |     5 |    15 |    73 |    88 |    48 ||   233
       Headbutt          |       |       |       |     1 |   105 |       ||   106
 Cast: Shroud of Golubri |       |       |     3 |    10 |     6 |     2 ||    21
       Blink             |       |       |       |       |     4 |       ||     4
       Blade Hands       |       |       |       |       |       |     1 ||     1
Invok: Whirlwind         |       |    42 |    44 |   228 |   168 |    88 ||   570
       Lunge             |       |    17 |    32 |    60 |    97 |    38 ||   244
       Heavenly Storm    |       |       |       |     3 |       |     3 ||     6
 Abil: Wall Jump         |       |     1 |     2 |     4 |     3 |    16 ||    26
       Evoke Flight      |       |       |       |       |     2 |     2 ||     4
       Stop Flying       |       |       |       |       |     1 |     1 ||     2
Evoke: Wand              |       |       |       |    17 |     4 |       ||    21
  Use: Potion            |     2 |     4 |       |     7 |     6 |     2 ||    21
       Scroll            |     2 |     3 |     7 |     6 |     8 |    11 ||    37
 Stab: Sleeping          |     8 |     3 |     9 |    16 |    18 |    15 ||    69
       Distracted        |       |       |     2 |     1 |     3 |     2 ||     8
       Petrified         |       |       |       |       |     2 |       ||     2
       Petrifying        |       |       |       |       |     1 |       ||     1
  Eat: Chunk             |     3 |     5 |    10 |    10 |     9 |     7 ||    44
       Ration            |       |     1 |       |     3 |     5 |     2 ||    11
Armor: Robe              |    25 |     3 |    10 |     8 |       |       ||    46
       Leather armour    |       |    15 |    15 |       |       |       ||    30
       Steam dragon scal |       |       |       |   113 |   210 |   122 ||   445
Dodge: Dodged            |   114 |    79 |   118 |   392 |   469 |   209 ||  1381
       Deflected         |       |       |       |    33 |    27 |    11 ||    71
